 Dungeon Crawl Stone Soup version 0.21.1-1-g345015f (webtiles) character file.

259 Kagorn the Sneak (level 5, -6/39 HPs)
             Began as a Vampire Assassin on June 4, 2018.
             Mangled by Exporg's ghost (14 damage)
             ... on level 4 of the Dungeon.
             The game lasted 00:49:23 (3640 turns).

Kagorn the Sneak (Vampire Assassin)                 Turns: 3640, Time: 00:49:23

Health: -6/39      AC:  5    Str: 10    XL:     5   Next: 95%
Magic:  7/7        EV: 18    Int: 13    God:
Gold:   245        SH:  0    Dex: 22    Spells: 7/7 levels left

rFire    . . .     SeeInvis +   t - +0 short sword (protect)
rCold    . . .     Gourm    .   (no shield)
rNeg     + . .     Faith    .   i - +0 leather armour
rPois    .         Spirit   .   (no helmet)
rElec    .         Reflect  .   d - +0 cloak
rCorr    .         Harm     .   o - +0 pair of gloves
MR       .....                  (no boots)
Stlth    +++++.....             (no amulet)
HPRegen  0.13/turn              (no ring)
MPRegen  0.10/turn              (no ring)

@: agile
A: fangs 3, see invisible, unbreathing
a: Bat Form


You were on level 4 of the Dungeon.
You were not thirsty.

You visited 1 branch of the dungeon, and saw 4 of its levels.

You collected 245 gold pieces.

Inventory:

Hand Weapons
 a - a +2 dagger
 b - a +0 blowgun
 p - a +2 hand axe of flaming
 t - a +0 short sword of protection (weapon)
 A - a cursed -3 mace
Missiles
 e - 22 poisoned needles
 f - 2 curare-tipped needles
 B - 8 tomahawks (quivered)
Armour
 d - a +0 cloak (worn)
 i - a +0 leather armour (worn)
 o - a +0 pair of gloves (worn)
 z - a +0 leather armour
Jewellery
 w - a +2 ring of dexterity {unknown}
 y - a +2 ring of dexterity {unknown}
 C - an uncursed amulet of magic regeneration {unknown}
Wands
 c - a wand of clouds (7)
Scrolls
 j - 3 scrolls of identify {unknown}
 l - a scroll of amnesia {unknown}
 m - a scroll of immolation {unknown}
 r - a scroll of enchant armour {unknown}
 v - 2 scrolls of teleportation {unknown}
 x - a scroll of fog {unknown}
 D - 2 scrolls of remove curse {unknown}
 E - a scroll of random uselessness {unknown}
 F - a scroll of enchant weapon {unknown}
 H - a scroll of noise {unknown}
Potions
 g - 15 potions of blood
 h - 2 potions of heal wounds {unknown}
 k - a potion of flight {unknown}
 n - a potion of agility
 q - a potion of ambrosia {unknown}
 u - a potion of lignification {unknown}
 G - a potion of cancellation {unknown}


   Skills:
 + Level 2.6 Fighting
 + Level 3.2 Short Blades
 + Level 2.5 Throwing
 + Level 1.7 Armour
 + Level 2.4 Dodging
 + Level 6.7 Stealth
 + Level 1.6 Spellcasting


You had 7 spell levels left.
You didn't know any spells.

Dungeon Overview and Level Annotations

Branches:
Dungeon (4/15)
 Temple: D:4-7

Altars:

Annotations:
D:4 Exporg's ghost, novice FoFi


Innate Abilities, Weirdness & Mutations

You have razor-sharp teeth.
You have supernaturally acute eyesight. (SInv)
You can survive without breathing.


Message History

Exporg's ghost is lightly damaged.
Exporg's ghost hits you but does no damage.
You hit Exporg's ghost but do no damage.
Exporg's ghost shouts, "Very impressive.
But it won't help.
Nothing will."
Exporg's ghost hits you!
You hit Exporg's ghost but do no damage.
Exporg's ghost hits you!
You feel better. Exporg's ghost hits you!
You feel agile all of a sudden. Exporg's ghost completely misses you.
Yummy - fresh blood!
Exporg's ghost shrieks, "What do you have that I didn't have?"
Exporg's ghost closely misses you.
You hit Exporg's ghost. You bite Exporg's ghost.
Exporg's ghost is lightly damaged.
Exporg's ghost hits you.
* * * LOW HITPOINT WARNING * * *
Exporg's ghost screams, "You will never get the ORB!"
Exporg's ghost hits you!
You die...

#.#
........#..........#.##.
#.# #.#........#......
#.# #.#........#...##.
#.# #.#........#......
######.#
#.##########...###
.......# #.# ####......
######## #.# #......###
#W# #.####># #@# #.# .#
#.# #.# .# #.# #.# .#
#.# #.# #.# #.#
#.#######.# #.........#
###########


You could see Exporg's ghost.

Vanquished Creatures
  A howler monkey (D:4)
  A hound (D:4)
  Ijyb (D:3)
  Jessica (D:3)
  An orc wizard (D:3)
  3 adders
  An ooze (D:3)
  3 worms
  A dart slug (D:2)
  4 leopard geckos
  8 orcs (D:3)
  A ball python (D:4)
  A giant cockroach (D:2)
  6 goblins
  4 hobgoblins
  3 jackals (D:3)
  A quokka (D:2)
  4 bats
  3 frilled lizards
  11 kobolds
  3 rats
62 creatures vanquished.

Notes
Turn   | Place    | Note
-------+----------+-------------------------------------------
     0 | D:1      | Kagorn the Vampire Assassin began the quest for the Orb.
     0 | D:1      | Reached XP level 1. HP: 16/16 MP: 1/1
   199 | D:1      | Reached XP level 2. HP: 22/22 MP: 2/2
   714 | D:2      | Reached skill level 6 in Stealth
   876 | D:2      | Reached XP level 3. HP: 17/27 MP: 2/4
  2129 | D:2      | Reached skill level 1 in Armour
  2541 | D:3      | Noticed Ijyb
  2569 | D:3      | Killed Ijyb
  2569 | D:3      | Reached skill level 1 in Spellcasting
  2569 | D:3      | Reached XP level 4. HP: 32/33 MP: 5/5
  2934 | D:3      | Noticed Jessica
  2947 | D:3      | Killed Jessica
  2947 | D:3      | Reached XP level 5. HP: 35/39 MP: 6/6
  3625 | D:4      | Noticed Exporg's ghost (novice FoFi)
  3640 | D:4      | Mangled by Exporg's ghost

Skill      XL: |  1  2  3  4  5 |
---------------+----------------+-----
Fighting       | 2 |  2.6
Stealth        | 6 |  6.7
Armour         | 1 |  1.7
Throwing       | 2 |  2.5
Spellcasting   | 1 |  1.6
Dodging        | 2 |  2.4
Short Blades   | 3 |  3.2

Action                   |  1- 3 |  4- 6 || total
-------------------------+-------+-------++-------
Melee: Dagger            |    40 |       ||    40
       Bite              |    17 |    20 ||    37
       Short sword       |    87 |   161 ||   248
       Unarmed           |    26 |       ||    26
 Abil: End Transformatio |     1 |       ||     1
       Bat Form          |     1 |       ||     1
  Use: Potion            |     5 |     6 ||    11
 Stab: Sleeping          |     6 |     3 ||     9
       Distracted        |       |     1 ||     1
Armor: Leather armour    |    44 |    63 ||   107
Dodge: Dodged            |   128 |    63 ||   191
